 Dungeon Crawl Stone Soup version 0.31.0-32-g396128a36d (webtiles) character file.

Game seed: 10394196871775680825

543 Peloso the Covered (level 7, -1/61 HPs)
             Began as a Minotaur Fighter on Mar 24, 2024.
             Was an Initiate of Okawaru.
             Slain by an iguana (8 damage)
             ... on level 5 of the Dungeon.
             The game lasted 00:06:04 (3785 turns).

Peloso the Covered (Minotaur Fighter)               Turns: 3785, Time: 00:06:05

Health: -1/61      AC:  7    Str: 21    XL:     7   Next: 6%
Magic:  6/6        EV:  9    Int:  5    God:    Okawaru [......]
Gold:   152        SH:  8    Dex: 11    Spells: 6/6 levels left

rFire   . . .        a - +1 long sword
rCold   . . .        d - +0 kite shield
rNeg    . . .        b - +0 scale mail
rPois   .            (helmet restricted)
rElec   .            (no cloak)
rCorr   .            (no gloves)
SInv    .            (no boots)
Will    .....        (no amulet) Stlth
                     (no ring)
HPRegen 0.30/turn    (no ring)
MPRegen 0.10/turn

%: no passive effects
@: no status effects
A: horns 2, retaliatory headbutt
a: Renounce Religion


You were on level 5 of the Dungeon.
You worshipped Okawaru.
Okawaru was noncommittal.
You visited 2 branches of the dungeon, and saw 6 of its levels.

You collected 201 gold pieces.
You spent 49 gold pieces at shops.

Inventory:

Hand Weapons
 a - a +1 long sword (weapon)
Armour
 b - a +0 scale mail (worn)
 c - a +0 buckler
 d - a +0 kite shield (worn)
Jewellery
 j - a ring of fire
 n - a +5 ring of evasion
 p - an amulet of faith
Wands
 k - a wand of iceblast (12)
 q - a wand of polymorph (13)
Scrolls
 g - 2 scrolls of poison
 i - a scroll of acquirement
 l - a scroll of noise {unknown}
 o - a scroll of teleportation
Potions
 e - a potion of attraction
 f - a potion of curing
 h - 2 potions of haste
 m - a potion of berserk rage


   Skills:
 + Level 5.4 Fighting
 + Level 5.6 Long Blades
 + Level 5.8 Armour
 + Level 2.1 Dodging
 + Level 0.3 Stealth
 + Level 4.5 Shields


You had 6 spell levels left.
You didn't know any spells.
Your spell library was empty.

Dungeon Overview and Level Annotations

Branches:
Dungeon (5/15)             Temple (1/1) D:4

Altars:
Cheibriados
Elyvilon
Fedhas
Gozag
Kikubaaqudgha
Makhleb
Okawaru
Ru
Sif Muna
Trog
Xom
Yredelemnul
Zin
The Shining One

Shops:
D:3 *

Annotations:
D:5 2 transporters


Innate Abilities, Weirdness & Mutations

You have a pair of horns on your head.
You reflexively headbutt those who attack you in melee.


Message History

There are monsters nearby!
You slash the phantom!
You destroy the phantom!
Okawaru accepts your kill.
You feel sick. The adder barely misses you. You block the orc's attack.
The iguana barely misses you. The adder bites you but does no damage.
You have reached level 7!
You hit the adder.
You kill the adder!
Okawaru accepts your kill.
You feel sick. The orc hits you with a +0 flail. The iguana barely misses you.
Unknown command.
You feel sick. The iguana bites you!
You feel sick.
You are no longer poisoned.
The orc attacks as it pursues you! The orc barely misses you.
You barely miss the orc. Your headbutt misses the orc.
You block the orc's attack.
You slash the orc!
You kill the orc!
Okawaru accepts your kill.
You hit the iguana. Your headbutt misses the iguana.
The iguana is moderately wounded.
The iguana barely misses you. You block the iguana's attack.
You closely miss the iguana.
The iguana is moderately wounded.
The iguana bites you!
* * * LOW HITPOINT WARNING * * *
You completely miss the iguana.
The iguana is moderately wounded.
You block the iguana's attack.
You closely miss the iguana. You headbutt the iguana.
The iguana is heavily wounded.
The iguana bites you!
* * * LOW HITPOINT WARNING * * *
You block the iguana's attack.
You barely miss the iguana. You headbutt the iguana.
The iguana is severely wounded.
The iguana bites you!
You die...

########### #.......$..
#.#####..# .
#.##.....###
#...#########.#.........
#..>.@l...............
#######...#.#.o....##
#^.....##.....##.
##...#...........
##.########.##.# #.# .#
# #.# .# ##'## ..
##...## ##


You could see an iguana.

Vanquished Creatures
  An ogre (D:5)
  2 phantoms
  A scorpion (D:4)
  A howler monkey (D:4)
  A hound (D:4)
  A sleepcap (D:4)
  5 adders
  4 gnolls (D:4)
  2 dart slugs
  3 orcs
  7 bats
  4 endoplasms
  6 giant cockroaches
  7 goblins
  9 hobgoblins
  3 jackals (D:1)
  4 quokkas
  3 ball pythons
  5 frilled lizards
  5 kobolds
  7 rats
81 creatures vanquished.

Notes
Turn   | Place    | Note
-------+----------+-------------------------------------------
     0 | D:1      | Peloso the Minotaur Fighter began the quest for the Orb.
     0 | D:1      | Reached XP level 1. HP: 19/19 MP: 0/0
   135 | D:1      | Reached XP level 2. HP: 25/27 MP: 1/1
   771 | D:2      | Reached XP level 3. HP: 28/33 MP: 2/2
  1217 | D:2      | Reached skill level 1 in Dodging
  1268 | D:2      | Reached XP level 4. HP: 28/41 MP: 3/3
  1599 | D:2      | Identified a scroll of acquirement
  1719 | D:3      | Found an opulent altar of Gozag.
  1889 | D:3      | Found a faded altar of an unknown god.
  1985 | D:3      | Found Tyorem's Assorted Antiques.
  1990 | D:3      | Bought a scroll labelled KONO BUSOEM for 26 gold pieces
  1990 | D:3      | Bought a glowing sapphire potion for 23 gold pieces
  2719 | D:4      | Noticed a phantom
  2743 | D:4      | Killed a phantom
  2744 | D:4      | Reached XP level 5. HP: 29/47 MP: 4/4
  2896 | D:4      | Reached skill level 5 in Fighting
  2896 | D:4      | Reached skill level 5 in Armour
  2923 | D:4      | Reached XP level 6. HP: 56/56 MP: 5/5
  3104 | D:4      | Found a staircase to the Ecumenical Temple.
  3245 | Temple   | Entered the Ecumenical Temple
  3263 | Temple   | Became a worshipper of Warmaster Okawaru
  3566 | D:4      | Reached skill level 5 in Long Blades
  3697 | D:5      | Entered Level 5 of the Dungeon
  3697 | D:5      | Found a transporter.
  3707 | D:5      | Found a transporter.
  3775 | D:5      | Reached XP level 7. HP: 35/61 MP: 6/6
  3785 | D:5      | Slain by an iguana

Illustrated notes

Levels and vault maps discovered:
D:1:      saegor_arrival_simple_d, layout_rooms, minivault_24
D:2:      layout_basic, serial_glass, glass_columns_b, glass_columns_b,
          glass_columns_b, glass_columns_a, glass_columns_a, glass_columns_b,
          glass_columns_c, glass_columns_a, glass_columns_c, glass_columns_b,
          glass_columns_a, glass_columns_c, glass_columns_a, glass_columns_c
D:3:      layout_basic, mainiacjoe_overflow_six_doors_small,
          dreamdust_ecumenical_altar_statues, serial_shops, shop,
          minmay_bisected
D:4:      layout_loops_ring, temple_statues, minmay_misc_feat_square
D:5:      gammafunk_steamed_eel, layout_loops_corners, uniq_ijyb
Temple:   nicolae_temple_bog_church

Skill      XL: |  1  2  3  4  5  6 |
---------------+-------------------+-----
Shields        | 4 |  4.5
Fighting       | 4 5 |  5.4
Armour         | 4 5 |  5.8
Long Blades    | 3 4 5 |  5.6
Dodging        | 1 2 |  2.1
Stealth        | |  0.3

Action                     |  1- 3 |  4- 6 |  7- 9 || total
---------------------------+-------+-------+-------++-------
  Melee: Long sword        |    89 |   107 |     8 ||   204
         Headbutt          |    14 |    13 |     2 ||    29
  Evoke: Wand              |       |     2 |       ||     2
    Use: Potion            |     3 |       |       ||     3
         Scroll            |     1 |     7 |       ||     8
 Armour: Scale mail        |    74 |    95 |     5 ||   174
  Dodge: Dodged            |    56 |    34 |     3 ||    93
  Block: Buckler           |    22 |     7 |       ||    29
         Kite shield       |       |    39 |     4 ||    43
